 Dungeon Crawl Stone Soup version 0.30-a0-956-gcec3b41aec (webtiles) character file.

Game seed: 12883125830079108113

89590 gruber the Thaumaturge (level 15, 0/175 HPs)
             Began as a Gnoll Ice Elementalist on Mar 25, 2023.
             Was the Champion of Vehumet.
             Slain by a caustic shrike simulacrum (8 damage)
             ... in an ice cave on Mar 29, 2023.
             The game lasted 00:50:57 (24305 turns).

gruber the Thaumaturge (Gnoll Ice Elementalist)    Turns: 24305, Time: 00:50:57

Health: 0/175      AC: 18    Str: 11    XL:     15   Next: 97%
Magic:  7/30       EV: 20    Int: 21    God:    Vehumet [******]
Gold:   2387       SH:  0    Dex: 19    Spells: 13/37 levels left

rFire   + + +      SeeInvis +    n - +7 scythe (venom)
rCold   + + .      Faith    .    (shield currently unavailable)
rNeg    + . .      Spirit   .    V - +0 robe {Will+}
rPois   +          Reflect  .    T - +0 helmet
rElec   .          Rampage  .    o - scarf of Syndicalism {rC+ rF+, Dex+3}
rCorr   +                        M - +0 pair of gloves
Will    ++...                    J - +1 pair of boots "Eresepaz" {Str-3 Slay+2 Stlth+} Stlth
                                 i - macabre finger necklace {Finger+ rN+}
HPRegen 0.49/turn                p - ring "Okaukhlei" {+Blink rF+ rC+ Str+6}
MPRegen 0.22/turn                A - ring of poison resistance
                                 y - ring of the Cicada {*Slow rF+ rCorr Dex+3 SInv}

@: berserking, ice-armoured, freezing walls, very quick
A: fangs 1, strong nose, distributed training
a: Renounce Religion, Evoke Blink


You were in an ice cave.
You worshipped Vehumet.
Vehumet was exalted by your worship.
You visited 4 branches of the dungeon, and saw 23 of its levels.
You also visited: Bailey, Gauntlet and Ice Cave.

You collected 2607 gold pieces.
You spent 220 gold pieces at shops.

Inventory:

Hand Weapons
 h - the +4 flail of Action {drain, *Corrode rElec rF+ rN+}
   (You found it in a Gauntlet)

   rF:        It protects you from fire.
   rElec:     It insulates you from electricity.
   rN:        It protects you from negative energy.
   *Corrode:  It may corrode you when you take damage.
 n - a +7 scythe of venom (weapon)
 C - a +2 scimitar of flaming
 P - a +2 morningstar of holy wrath
 R - a +3 scimitar of flaming
Missiles
 t - 5 curare-tipped darts
 E - 4 throwing nets
Armour
 o - the scarf of Syndicalism (worn) {rC+ rF+, Dex+3}
   (You bought it in a shop on level 2 of the Orcish Mines)

   Dex:       It affects your dexterity (+3).
 J - the +1 pair of boots "Eresepaz" (worn) {Str-3 Slay+2 Stlth+}
   (You found it on level 14 of the Dungeon)

   Str:       It affects your strength (-3).
   Slay:      It affects your accuracy & damage with ranged weapons and melee
   (+2).
   Stlth:     It makes you more stealthy.
 M - a +0 pair of gloves (worn)
 T - a +0 helmet (worn)
 V - a +0 robe of willpower (worn)
Jewellery
 d - a ring of willpower
 i - the macabre finger necklace (around neck) {Finger+ rN+}
   (You found it in a Gauntlet)

   [amulet of nothing]

   Finger+:   It enables you to equip an extra ring.
   rN:        It protects you from negative energy.
 p - the ring "Okaukhlei" (left hand) {+Blink rF+ rC+ Str+6}
   (You took it off a minotaur in a Gauntlet)

   [ring of strength]

   Str:       It affects your strength (+6).
   rF:        It protects you from fire.
   rC:        It protects you from cold.
   +Blink:    It lets you blink.
 r - an amulet of regeneration
 y - the ring of the Cicada (on amulet) {*Slow rF+ rCorr Dex+3 SInv}
   (You found it in a Gauntlet)

   [ring of see invisible]

   Dex:       It affects your dexterity (+3).
   rF:        It protects you from fire.
   SInv:      It lets you see invisible.
   rCorr:     It protects you from acid and corrosion.
   *Slow:     It may slow you when you take damage.
 A - a ring of poison resistance (right hand)
 F - a ring of wizardry
Wands
 j - a wand of charming (16)
 x - a wand of mindburst (7)
 L - a wand of flame (9)
 N - a wand of polymorph (26)
 S - a wand of acid (22)
 Y - a wand of iceblast (8)
Scrolls
 a - 4 scrolls of fear {unknown}
 c - 5 scrolls of noise {unknown}
 e - 4 scrolls of amnesia {unknown}
 l - a scroll of teleportation {unknown}
 q - 2 scrolls of identify
 s - a scroll of silence {unknown}
 w - a scroll of enchant weapon {unknown}
 D - a scroll of vulnerability {unknown}
 I - a scroll of magic mapping {unknown}
 K - 3 scrolls of fog
Potions
 b - 3 potions of magic
 f - 10 potions of curing
 g - 4 potions of berserk rage
 k - 3 potions of lignification
 m - 2 potions of cancellation
 u - 7 potions of heal wounds
 v - 2 potions of brilliance
 z - 4 potions of invisibility
 B - 8 potions of might
 G - 5 potions of haste
 H - a potion of resistance
 O - 3 potions of experience {unknown}
 U - 4 potions of mutation {unknown}
 X - a potion of flight {unknown}
Miscellaneous
 W - a phial of floods


   Skills:
 + Level 10.9 Fighting
 + Level 10.9 Short Blades
 + Level 10.9 Long Blades
 + Level 10.9 Axes
 + Level 10.9 Maces & Flails
 + Level 10.9 Polearms
 + Level 10.9 Staves
 + Level 10.9 Ranged Weapons
 + Level 10.9 Throwing
 + Level 10.9 Armour
 + Level 11.8 Dodging
 + Level 11.6 Stealth
 + Level 10.9 Shields
 + Level 10.9 Unarmed Combat
 + Level 11.9 Spellcasting
 + Level 9.1 Conjurations
 + Level 9.1 Hexes
 + Level 9.1 Summonings
 + Level 9.1 Necromancy
 + Level 9.1 Translocations
 + Level 9.1 Transmutations
 + Level 9.1 Fire Magic
 + Level 11.5 Ice Magic
 + Level 9.1 Air Magic
 + Level 9.1 Earth Magic
 + Level 9.1 Poison Magic
 + Level 11.8 Invocations
 + Level 10.9 Evocations


You had 13 spell levels left.
You knew the following spells:

 Your Spells              Type           Power      Damage    Failure   Level
a - Freeze                Ice            100%       1d10      1%          1
b - Frozen Ramparts       Ice            100%       1d16      1%          3
c - Ozocubu's Armour      Ice            57%        N/A       1%          3
d - Summon Ice Beast      Ice/Summ       54%        N/A       1%          4
e - Stone Arrow           Conj/Erth      100%       3d13      1%          3
f - Freezing Cloud        Conj/Ice/Air   26%        6-21      1%          5
g - Borgnjor's Vile Clut  Necr/Erth      25%        N/A       3%          5

Your spell library contained the following spells:

 Spells                   Type           Power      Damage    Failure   Level
 Yara's Violent Unravell  Hex/Tmut       25%        3d11      1%          5
 Apportation              Tloc           100%       N/A       1%          1
 Magic Dart               Conj           100%       1d8       1%          1
 Necrotise                Necr           100%       1d9       1%          1
 Slow                     Hex            100%       N/A       1%          1
 Sting                    Tmut/Pois      100%       1d8       1%          1
 Summon Small Mammal      Summ           100%       N/A       1%          1
 Blink                    Tloc           100%       N/A       1%          2
 Call Imp                 Summ           50%        N/A       1%          2
 Ensorcelled Hibernation  Hex/Ice        100%       N/A       1%          2
 Lesser Beckoning         Tloc           100%       N/A       1%          2
 Momentum Strike          Conj/Tloc      100%       3d10      1%          2
 Passwall                 Tmut/Erth      41%        N/A       1%          2
 Poisonous Vapours        Pois/Air       100%       N/A       1%          2
 Searing Ray              Conj           100%       2d8       1%          2
 Call Canine Familiar     Summ           50%        N/A       1%          3
 Confusing Touch          Hex            50%        N/A       1%          3
 Gell's Gravitas          Tloc           50%        N/A       1%          3
 Hailstorm                Conj/Ice       54%        3d12      1%          3
 Ignite Poison            Fire/Tmut/Pois 50%        N/A       1%          3
 Kindle Blastsparks       Fire/Tloc/Air  100%       2d18      1%          3
 Mephitic Cloud           Conj/Pois/Air  50%        N/A       1%          3
 Portal Projectile        Hex/Tloc       100%       N/A       1%          3
 Swiftness                Air            50%        N/A       1%          3
 Teleport Other           Tloc           50%        N/A       1%          3
 Vampiric Draining        Necr           50%        2d9       1%          3
 Anguish                  Hex/Necr       25%        N/A       1%          4
 Fulminant Prism          Conj/Hex       25%        3d14      1%          4
 Ice Form                 Ice/Tmut       54%        N/A       1%          4
 Leda's Liquefaction      Hex/Erth       25%        N/A       1%          4
 Passage of Golubria      Tloc           50%        N/A       1%          4
 Summon Lightning Spire   Summ/Air       50%        N/A       1%          4
 Iskenderun's Battlesphe  Conj           50%        2d10      1%          5
 Lee's Rapid Deconstruct  Erth           25%        3d14*     1%          5
 Alistair's Intoxication  Tmut/Pois      33%        N/A       3%          5
 Silence                  Hex/Air        25%        N/A       3%          5
 Eringya's Noxious Bog    Tmut/Pois      25%        N/A       5%          6
 Dispersal                Tloc           25%        N/A       19%         6
 Statue Form              Tmut/Erth      33%        N/A       19%         6
 Orb of Destruction       Conj           25%        9d9       26%         7
 Enfeeble                 Hex            25%        N/A       71%         7
 Storm Form               Tmut/Air       25%        N/A       71%         7
 Lehudib's Crystal Spear  Conj/Erth      25%        10d7      86%         8
 Maxwell's Capacitive Co  Air            25%        ∞         86%         8
 Disjunction              Tloc           25%        N/A       100%        8


Dungeon Overview and Level Annotations

Branches:
Dungeon (15/15)            Temple (1/1) D:6            Lair (5/5) D:8
  Swamp (0/4) Lair:2       Spider (0/4) Lair:3        Slime (0/5) Lair:5
    Orc (2/2) D:12            Elf (0/3) Orc:2        Vaults (0/5) D:13
 Bailey (visited)           IceCv (1/1)             Gauntlet (visited)
 Depths: D:15

Altars:
Ashenzari
Cheibriados
Dithmenos
Elyvilon
Fedhas
Gozag
Hepliaklqana
Kikubaaqudgha
Makhleb
Okawaru
Qazlal
Ru
Trog
Uskayaw
Vehumet
Wu Jian
Xom
Yredelemnul
Zin
The Shining One

Shops:
D:4 [   D:6 *   D:9 (   Orc:2 :[[=?=

Portals:
Trove: D:15 (give +4 demon whip)

Annotations:
D:10 3 runed translucent doors, Reshi88's ghost, novice SpWr
Lair:2 2 transporters, quarry's ghost, journeyman MiFi


Innate Abilities, Weirdness & Mutations

You have very sharp teeth.
Your uncanny sense of smell can sniff out nearby items.
Your experience applies equally to all skills.


Message History

The seven-headed hydra simulacrum completely resists.
The wall freezes the seven-headed hydra simulacrum but does no damage.
The lindwurm simulacrum completely resists.
The wall freezes the lindwurm simulacrum but does no damage.
The wall freezes the caustic shrike simulacrum but does no damage.
The caustic shrike simulacrum claws you but does no damage.
The caustic shrike simulacrum completely resists.
The wall freezes the caustic shrike simulacrum but does no damage.
The caustic shrike simulacrum claws you but does no damage.
Okay, then.
Okay, then.
A red film seems to cover your vision as you go berserk!
You feel yourself moving faster!
You feel mighty!
The caustic shrike simulacrum completely resists.
The wall freezes the caustic shrike simulacrum but does no damage.
The caustic shrike simulacrum claws you!
* * * LOW HITPOINT WARNING * * *
The caustic shrike simulacrum freezes you.
You resist.
* * * LOW HITPOINT WARNING * * *
The caustic shrike simulacrum completely resists.
The wall freezes the caustic shrike simulacrum but does no damage.
The caustic shrike simulacrum claws you but does no damage.
The white very ugly thing completely misses you.
The wall freezes the alligator simulacrum but does no damage.
The alligator simulacrum misses you.
The alligator simulacrum tail-slaps you!
* * * LOW HITPOINT WARNING * * *
The alligator simulacrum freezes you! You resist.
* * * LOW HITPOINT WARNING * * *
The lindwurm simulacrum completely resists.
The wall freezes the lindwurm simulacrum but does no damage.
The seven-headed hydra simulacrum completely resists.
The wall freezes the seven-headed hydra simulacrum but does no damage.
The wall freezes the caustic shrike simulacrum but does no damage.
The caustic shrike simulacrum claws you!
* * * LOW HITPOINT WARNING * * *
The caustic shrike simulacrum freezes you!
You resist.
You die...

#######
##..∩Z@##
#...ZuZZ#
#......ZZZ#
#...........#
#...........#
#...........#
#.............#
#....8...8....#
#......!......#


You could see a white very ugly thing, 2 alligator simulacra, a seven-headed
hydra simulacrum, 2 lindwurm simulacra and 2 caustic shrike simulacra.

Vanquished Creatures
  A minotaur (Gauntlet)
  Josephine (Lair:5)
  2 vault guards (Bailey)
  2 hydras
  An ogre mage (D:15)
  7 two-headed ogres
  3 centaur warriors
  A boulder beetle (D:15)
  Erica (D:9)
  3 orc high priests (Orc:2)
  A soul eater (Gauntlet)
  A spectral death yak (Lair:2)
  7 skeletal warriors
  Amaemon (D:11)
  A skyshark (Lair:5)
  Lodul (D:14)
  A wizard (D:13)
  6 orc knights
  A wolf spider (shapeshifter) (D:13)
  A necromancer (D:13)
  15 ugly things
  2 manticores
  2 deep elf pyromancers
  4 orc sorcerers
  9 cyclopes
  4 elephants (Lair:5)
  5 black mambas
  2 guardian serpents (D:15)
  2 ice statues (D:15)
  An orange demon (D:11)
  18 cane toads
  A gargoyle (D:12)
  3 unseen horrors
  3 efreet
  2 kobold demonologists
  2 rime drakes
  12 komodo dragons
  2 polar bears
  Prince Ribbit (Bailey)
  4 trolls
  6 meliai
  4 tyrant leeches
  8 hornets
  27 blink frogs
  A centaur simulacrum (D:15)
  5 slime creatures (D:14)
  8 wraiths
  Sigmund (D:3)
  2 wyverns (D:9)
  A shadow (D:10)
  Eustachio (D:6)
  2 basilisks
  74 yaks
  4 humans (Bailey)
  11 vampire mosquitoes
  A harpy simulacrum (IceCv)
  4 wargs
  3 acid dragons
  3 swamp worms (Gauntlet)
  8 water moccasins
  2 floating eyes (D:10)
  22 orc warriors
  2 ice beasts
  A sky beast (D:7)
  14 ogres
  13 wolves
  16 centaurs
  21 bullfrogs
  A kobold brigand (D:10)
  2 gnoll sergeants (D:7)
  Blork the orc (D:6)
  4 wights
  A spectral wolf (Lair:2)
  6 killer bees (D:8)
  4 electric eels
  3 howler monkeys
  9 orc priests
  Crazy Yiuf (D:6)
  A hound (D:5)
  4 iguanas
  Jessica (D:3)
  Natasha (thrice) (D:3)
  A sleepcap (D:7)
  23 orc wizards
  4 adders
  11 gnolls
  2 shadow imps (Gauntlet)
  A white imp (D:6)
  An ufetubus (D:4)
  4 worms
  2 dart slugs
  57 orcs
  4 bats
  9 endoplasms
  8 giant cockroaches
  7 goblins
  13 hobgoblins
  A quokka (D:4)
  6 ball pythons
  10 frilled lizards
  15 kobolds
  11 rats
  3 butterflies (Lair:1)
636 creatures vanquished.

Vanquished Creatures (collateral kills)
  A rime drake (Lair:5)
  3 yaks
  A basilisk (Lair:3)
  A vampire mosquito (Lair:5)
  A water moccasin (Lair:3)
  3 wolves
  A kobold brigand (D:8)
  A bullfrog (Lair:5)
12 creatures vanquished.

Vanquished Creatures (others)
  16 fungi
  89 plants
105 creatures vanquished.

Grand Total: 753 creatures vanquished

Notes
Turn   | Place    | Note
-------+----------+-------------------------------------------
     0 | D:1      | gruber the Gnoll Ice Elementalist began the quest for the
                  | Orb.
     0 | D:1      | Reached XP level 1. HP: 13/13 MP: 6/6
   117 | D:1      | Reached XP level 2. HP: 19/19 MP: 4/7
   516 | D:1      | Reached skill level 5 in Spellcasting
   516 | D:1      | Reached XP level 3. HP: 22/25 MP: 4/9
  1080 | D:1      | Learned a level 3 spell: Frozen Ramparts
  1084 | D:1      | Learned a level 3 spell: Ozocubu's Armour
  1227 | D:2      | Reached skill level 1 in Invocations
  1304 | D:2      | Reached skill level 1 in Fighting
  1304 | D:2      | Reached skill level 1 in Short Blades
  1304 | D:2      | Reached skill level 1 in Long Blades
  1304 | D:2      | Reached skill level 1 in Axes
  1304 | D:2      | Reached skill level 1 in Maces & Flails
  1304 | D:2      | Reached skill level 1 in Polearms
  1304 | D:2      | Reached skill level 1 in Staves
  1304 | D:2      | Reached skill level 1 in Ranged Weapons
  1304 | D:2      | Reached skill level 1 in Throwing
  1304 | D:2      | Reached skill level 1 in Armour
  1304 | D:2      | Reached skill level 1 in Shields
  1304 | D:2      | Reached skill level 1 in Unarmed Combat
  1304 | D:2      | Reached skill level 1 in Evocations
  1370 | D:2      | Found a stormy altar of Qazlal.
  1444 | D:2      | Reached XP level 4. HP: 27/32 MP: 8/11
  1822 | D:2      | Found a faded altar of an unknown god.
  2176 | D:3      | Noticed Natasha
  2183 | D:3      | Killed Natasha
  2184 | D:3      | Reached skill level 1 in Conjurations
  2184 | D:3      | Reached skill level 1 in Hexes
  2184 | D:3      | Reached skill level 1 in Summonings
  2184 | D:3      | Reached skill level 1 in Necromancy
  2184 | D:3      | Reached skill level 1 in Translocations
  2184 | D:3      | Reached skill level 1 in Transmutations
  2184 | D:3      | Reached skill level 1 in Fire Magic
  2184 | D:3      | Reached skill level 1 in Air Magic
  2184 | D:3      | Reached skill level 1 in Earth Magic
  2184 | D:3      | Reached skill level 1 in Poison Magic
  2354 | D:3      | Noticed Jessica
  2362 | D:3      | Killed Jessica
  2363 | D:3      | Reached XP level 5. HP: 29/37 MP: 8/12
  2470 | D:3      | Noticed Natasha
  2474 | D:3      | Killed Natasha
  2528 | D:3      | Noticed Natasha
  2543 | D:3      | Killed Natasha
  2595 | D:3      | Noticed Sigmund
  2654 | D:3      | Killed Sigmund
  2655 | D:3      | Reached skill level 5 in Dodging
  2655 | D:3      | Reached XP level 6. HP: 27/44 MP: 7/14
  3245 | D:3      | Found a large runed translucent door.
  3248 | D:3      | Found a large runed translucent door.
  3248 | D:3      | Found a shimmering altar of Xom.
  3808 | D:4      | Reached XP level 7. HP: 50/50 MP: 12/15
  3897 | D:4      | Found Qaemixo's Antique Armour Emporium.
  4498 | D:5      | Entered Level 5 of the Dungeon
  4524 | D:5      | Identified the +1 robe of the Amoeba {Dex+3}
  4687 | D:5      | You fall into a shaft and drop 3 floors!
  4688 | D:8      | Found a flagged portal.
  4716 | Bailey   | Entered a bailey
  4723 | Bailey   | Noticed a human
  4727 | Bailey   | Noticed a human
  4728 | Bailey   | Killed a human
  4729 | Bailey   | Reached skill level 5 in Stealth
  4732 | Bailey   | Killed a human
  4844 | Bailey   | Reached XP level 8. HP: 58/58 MP: 10/16
  5048 | Bailey   | Noticed Prince Ribbit
  5048 | Bailey   | Noticed a vault guard
  5062 | Bailey   | Killed a vault guard
  5063 | Bailey   | Reached XP level 9. HP: 45/65 MP: 12/18
  5064 | Bailey   | Your ally Prince Ribbit died
  5123 | Bailey   | Noticed a vault guard
  5136 | Bailey   | Killed a vault guard
  5233 | Bailey   | Learned a level 4 spell: Summon Ice Beast
  5275 | Bailey   | Reached skill level 5 in Invocations
  5747 | D:7      | Reached skill level 5 in Fighting
  5747 | D:7      | Reached skill level 5 in Short Blades
  5747 | D:7      | Reached skill level 5 in Long Blades
  5747 | D:7      | Reached skill level 5 in Axes
  5747 | D:7      | Reached skill level 5 in Maces & Flails
  5747 | D:7      | Reached skill level 5 in Polearms
  5747 | D:7      | Reached skill level 5 in Staves
  5747 | D:7      | Reached skill level 5 in Ranged Weapons
  5747 | D:7      | Reached skill level 5 in Throwing
  5747 | D:7      | Reached skill level 5 in Armour
  5747 | D:7      | Reached skill level 5 in Shields
  5747 | D:7      | Reached skill level 5 in Unarmed Combat
  5747 | D:7      | Reached skill level 5 in Evocations
  5747 | D:7      | Reached XP level 10. HP: 61/74 MP: 12/20
  6280 | D:6      | Found a staircase to the Ecumenical Temple.
  6531 | D:6      | Found Yseupneh's Assorted Antiques.
  6725 | D:6      | Noticed Eustachio
  6732 | D:6      | Killed Eustachio
  6779 | D:6      | Noticed Blork the orc
  6786 | D:6      | Killed Blork the orc
  6885 | D:6      | Found a runed translucent door.
  6886 | D:6      | Noticed Crazy Yiuf
  7029 | D:6      | Killed Crazy Yiuf
  7507 | Temple   | Entered the Ecumenical Temple
  7683 | Temple   | Upgraded the game from 0.30-a0-939-gc8157cb160 to
                  | 0.30-a0-956-gcec3b41aec
  7800 | Temple   | Became a worshipper of Vehumet
  7967 | D:7      | Found a burning altar of Makhleb.
  8190 | D:8      | Found a staircase to the Lair.
  8231 | D:8      | Found a hide-covered altar of Uskayaw.
  8624 | D:8      | Found a sacrificial altar of Ru.
  8812 | D:9      | Found Seppop's Weapon Emporium.
  8824 | D:9      | Reached * piety under Vehumet
  8824 | D:9      | Offered knowledge of Sandblast by Vehumet.
  8902 | D:9      | Noticed Erica
  8917 | D:9      | Killed Erica
  8951 | D:9      | Reached skill level 5 in Conjurations
  8951 | D:9      | Reached skill level 5 in Hexes
  8951 | D:9      | Reached skill level 5 in Summonings
  8951 | D:9      | Reached skill level 5 in Necromancy
  8951 | D:9      | Reached skill level 5 in Translocations
  8951 | D:9      | Reached skill level 5 in Transmutations
  8951 | D:9      | Reached skill level 5 in Fire Magic
  8951 | D:9      | Reached skill level 5 in Air Magic
  8951 | D:9      | Reached skill level 5 in Earth Magic
  8951 | D:9      | Reached skill level 5 in Poison Magic
  8951 | D:9      | Reached XP level 11. HP: 81/81 MP: 19/22
  9290 | D:9      | Found a broken altar of Ashenzari.
  9291 | D:9      | Found a shimmering altar of Xom.
  9292 | D:9      | Found an opulent altar of Gozag.
  9420 | D:10     | Entered Level 10 of the Dungeon
  9494 | D:10     | Found a runed translucent gate.
  9495 | D:10     | Found a runed translucent gate.
  9496 | D:10     | Found a runed translucent gate.
  9497 | D:10     | Noticed Reshi88's ghost (novice SpWr)
  9792 | D:10     | Noticed a two-headed ogre
  9802 | D:10     | Killed a two-headed ogre
  9817 | D:10     | Offered knowledge of Shock by Vehumet.
  9833 | D:10     | Reached ** piety under Vehumet
  9972 | D:10     | Noticed a two-headed ogre
  9989 | D:10     | Paralysed by a floating eye for 4 turns
  9997 | D:10     | Paralysed by a floating eye for 2 turns
 10002 | D:10     | Paralysed by a floating eye for 4 turns
 10003 | D:10     | Reached XP level 12. HP: 89/90 MP: 24/24
 10008 | D:10     | Paralysed by a floating eye for 4 turns
 10015 | D:10     | Paralysed by a floating eye for 4 turns
 10015 | D:10     | Killed a two-headed ogre
 10458 | D:11     | Offered knowledge of Stone Arrow by Vehumet.
 10465 | D:11     | Learned a level 3 spell: Stone Arrow
 10668 | D:11     | Noticed Amaemon
 10683 | D:11     | Killed Amaemon
 10831 | D:11     | Reached *** piety under Vehumet
 11456 | D:12     | Found a staircase to the Orcish Mines.
 11709 | D:12     | Found a stormy altar of Qazlal.
 12084 | D:12     | Reached XP level 13. HP: 98/98 MP: 19/26
 12239 | D:12     | Offered knowledge of Sticky Flame by Vehumet.
 12486 | D:12     | Reached skill level 10 in Ice Magic
 12706 | Lair:1   | Entered Level 1 of the Lair of Beasts
 14014 | Lair:2   | Found a staircase to the Swamp.
 14055 | Lair:2   | Reached skill level 10 in Spellcasting
 14056 | Lair:2   | Reached **** piety under Vehumet
 14540 | Lair:2   | Found a transporter.
 14649 | Lair:2   | Found a transporter.
 14652 | Lair:2   | Noticed quarry's ghost (journeyman MiFi)
 14963 | Lair:3   | Offered knowledge of Arcjolt by Vehumet.
 15200 | Lair:3   | Reached skill level 10 in Dodging
 15349 | Lair:3   | Found a hole to the Spider Nest.
 15989 | Lair:4   | Reached skill level 10 in Stealth
 16297 | Lair:4   | Learned a level 5 spell: Freezing Cloud
 16926 | Lair:5   | Entered Level 5 of the Lair of Beasts
 16940 | Lair:5   | Noticed Josephine
 16952 | Lair:5   | Reached XP level 14. HP: 83/105 MP: 14/28
 16953 | Lair:5   | Killed Josephine
 16954 | Lair:5   | Reached skill level 10 in Invocations
 16975 | Lair:5   | Reached ***** piety under Vehumet
 16975 | Lair:5   | Offered knowledge of Fireball by Vehumet.
 17330 | Lair:5   | Found a staircase to the Slime Pits.
 18419 | Orc:1    | Entered Level 1 of the Orcish Mines
 18574 | Orc:2    | Entered Level 2 of the Orcish Mines
 18757 | Orc:1    | Offered knowledge of Conjure Ball Lightning by Vehumet.
 19239 | Orc:2    | Found a staircase to the Elven Halls.
 19328 | Orc:2    | Found Muhury's Self-Improvement Boutique.
 19426 | Orc:2    | Found Dauq's Antique Armour Emporium.
 19435 | Orc:2    | Bought a translucent scarf for 220 gold pieces
 19435 | Orc:2    | Identified the scarf of Syndicalism {rC+ rF+, Dex+3} (You
                  | bought it in a shop on level 2 of the Orcish Mines)
 19771 | Orc:2    | Reached skill level 10 in Fighting
 19771 | Orc:2    | Reached skill level 10 in Short Blades
 19771 | Orc:2    | Reached skill level 10 in Long Blades
 19771 | Orc:2    | Reached skill level 10 in Axes
 19771 | Orc:2    | Reached skill level 10 in Maces & Flails
 19771 | Orc:2    | Reached skill level 10 in Polearms
 19771 | Orc:2    | Reached skill level 10 in Staves
 19771 | Orc:2    | Reached skill level 10 in Ranged Weapons
 19771 | Orc:2    | Reached skill level 10 in Throwing
 19771 | Orc:2    | Reached skill level 10 in Armour
 19771 | Orc:2    | Reached skill level 10 in Shields
 19771 | Orc:2    | Reached skill level 10 in Unarmed Combat
 19771 | Orc:2    | Reached skill level 10 in Evocations
 19902 | Orc:2    | Reached XP level 15. HP: 114/115 MP: 21/30
 20113 | Orc:2    | Found Raskyx's Jewellery Boutique.
 20113 | Orc:2    | Found Suskuoze's Antique Armour Shoppe.
 20247 | Orc:2    | Found Donk's Jewellery Boutique.
 20247 | Orc:2    | Found Voasad's Magic Scroll Shoppe.
 20744 | D:13     | Paralysed by a hornet for 1 turns
 20999 | D:13     | Found a gate leading to a gauntlet.
 21038 | Gauntlet | Entered a Gauntlet
 21038 | Gauntlet | Found a transporter.
 21038 | Gauntlet | Found a transporter.
 21044 | Gauntlet | Found a transporter.
 21059 | Gauntlet | Found a transporter.
 21074 | Gauntlet | Found a transporter.
 21074 | Gauntlet | Found a transporter.
 21074 | Gauntlet | Found a transporter.
 21076 | Gauntlet | Found a transporter.
 21076 | Gauntlet | Found a transporter.
 21081 | Gauntlet | Found a runed translucent door.
 21086 | Gauntlet | Found a runed translucent door.
 21087 | Gauntlet | Found the macabre finger necklace {Finger+ rN+}
 21088 | Gauntlet | Found a transporter.
 21104 | Gauntlet | Found a transporter.
 21111 | Gauntlet | Found a runed translucent door.
 21115 | Gauntlet | Found a transporter.
 21128 | Gauntlet | Found a transporter.
 21148 | Gauntlet | Found a transporter.
 21195 | Gauntlet | Identified the +4 flail of Action {drain, *Corrode rElec
                  | rF+ rN+}
 21261 | Gauntlet | Learned a level 5 spell: Borgnjor's Vile Clutch
 21310 | Gauntlet | Identified the ring "Okaukhlei" {+Blink rF+ rC+ Str+6}
 21397 | Gauntlet | Identified the +0 cloak "Xituips" {rN+}
 21397 | Gauntlet | Identified the ring of the Cicada {*Slow rF+ rCorr Dex+3
                  | SInv}
 21398 | Gauntlet | Got Loudulaip's Anthology of Battle Magic
 21398 | Gauntlet | Got the Elucidation of Free Will
 21463 | D:13     | Found a gate to the Vaults.
 22553 | D:14     | Noticed Lodul
 22557 | D:14     | Killed Lodul
 22794 | D:14     | Found a glowing golden altar of the Shining One.
 23358 | D:14     | Reached ****** piety under Vehumet
 23691 | D:14     | Identified the +1 pair of boots "Eresepaz" {Str-3 Slay+2
                  | Stlth+}
 23768 | D:15     | Entered Level 15 of the Dungeon
 23890 | D:15     | Found a portal to a secret trove of treasure.
 24106 | D:15     | Offered knowledge of Yara's Violent Unravelling by Vehumet.
 24259 | D:15     | Found a frozen archway.
 24292 | IceCv    | Entered an ice cave
 24305 | IceCv    | HP: 8/175 [caustic shrike simulacrum (8)]
 24305 | IceCv    | Slain by a caustic shrike simulacrum

Illustrated notes

Levels and vault maps discovered:
D:1:      nicolae_arrival_washed_ashore, layout_loops_ring,
          hangedman_feature_mirror, minmay_misc_feat_four_crosses,
          chequers_garden, wander_ebering_terrifying_dragon_lair
D:2:      layout_loops_corners, basic_altar, shapermc_ecumenical_altar_gd,
          nicolae_concentric_dashed_squares_wild, kennysheep_nondescript
D:3:      due_chaos_kobolds, layout_loops_ring, cheibrodos_sewer_entry_bend,
          chequers_big_river, minmay_misc_feat_more_columns, uniq_natasha,
          uniq_jessica, uniq_sigmund
D:4:      layout_loops_ring, serial_shops,
          nicolae_shop_temple_entry_statues_fountains
D:5:      layout_loops_ring, led_sif_book, mainiacjoe_overflow_six_doors_small
D:6:      layout_loops_ring, minmay_temple_entry_mini_moons, serial_shops,
          nicolae_shop_trees, minmay_lizard_king, uniq_crazy_yiuf_cottage,
          uniq_blork_the_orc, uniq_eustachio
D:7:      layout_basic, lightli_temple_of_fire
D:8:      layout_loops_ring, mainiacjoe_overflow_alcove_1,
          mainiacjoe_overflow_paths, dpeg_oklobed_lair, enter_bailey_2
D:9:      layout_rooms, gammafunk_temple_overflow_claw, serial_shops,
          nicolae_shop_hallway_stairs, uniq_erica
D:10:     layout_loops_ring, gammafunk_ghost_necromancy, onia_ninara_cookie
D:11:     layout_roguey, lightli_minifort, uniq_amaemon
D:12:     layout_long_grid, orc_0_dummy, nicolae_qazlal_scattered_showers
D:13:     layout_small_grid, david_vaults_1, gauntlet_entry_generic,
          dreamdust_wasp_nest
D:14:     layout_irregular_city, nicolae_tso_swordbearing_angel, uniq_lodul
D:15:     grunt_enter_depths_snipers, layout_long_grid, serial_ice,
          serial_ice_o, serial_ice_n, serial_ice_g, serial_ice_i,
          portal_ice_cave_entry_ice_statue_two, minmay_misc_feat_square,
          nicolae_trove_entry_isolated, nrook_guardian_serpent_double
Temple:   nicolae_temple_bog_church
Lair:1:   layout_loops_ring, lemuel_fruit_fields, infiniplex_staircase_pool,
          grunt_megastairs_4
Lair:2:   layout_gridlike, nicolae_swamp_entry_spooky,
          gammafunk_ghost_berserking_beasts
Lair:3:   layout_long_grid, spider_nest_entry_webs, serial_bayou_shore_a
Lair:4:   layout_loops_ring
Lair:5:   minmay_lair_end_frog_pond, layout_long_grid, slime_entry_1,
          uniq_josephine
Orc:1:    layout_caves
Orc:2:    grunt_orc_tribal_feast, layout_caves, basic_altar, serial_shops, shop,
          nicolae_shop_self_help
IceCv:    ice_cave_statue_garden_transporter

Skill      XL: |  1  2  3  4  5  6  7  8  9 10 11 12 13 14 15 |
---------------+----------------------------------------------+-----
Spellcasting   | 5 6 7 8 9 10 11 | 11.9
Invocations    | 1 2 3 4 5 6 7 8 9 10 11 | 11.8
Fighting       | 1 2 3 5 6 7 8 9 10 | 10.9
Short Blades   | 1 2 3 5 6 7 8 9 10 | 10.9
Long Blades    | 1 2 3 5 6 7 8 9 10 | 10.9
Axes           | 1 2 3 5 6 7 8 9 10 | 10.9
Maces & Flails | 1 2 3 5 6 7 8 9 10 | 10.9
Polearms       | 1 2 3 5 6 7 8 9 10 | 10.9
Staves         | 1 2 3 5 6 7 8 9 10 | 10.9
Ranged Weapons | 1 2 3 5 6 7 8 9 10 | 10.9
Throwing       | 1 2 3 5 6 7 8 9 10 | 10.9
Armour         | 1 2 3 5 6 7 8 9 10 | 10.9
Shields        | 1 2 3 5 6 7 8 9 10 | 10.9
Unarmed Combat | 1 2 3 5 6 7 8 9 10 | 10.9
Evocations     | 1 2 3 5 6 7 8 9 10 | 10.9
Conjurations   | 1 2 3 4 5 6 7 8 9 |  9.1
Hexes          | 1 2 3 4 5 6 7 8 9 |  9.1
Summonings     | 1 2 3 4 5 6 7 8 9 |  9.1
Necromancy     | 1 2 3 4 5 6 7 8 9 |  9.1
Translocations | 1 2 3 4 5 6 7 8 9 |  9.1
Transmutations | 1 2 3 4 5 6 7 8 9 |  9.1
Fire Magic     | 1 2 3 4 5 6 7 8 9 |  9.1
Air Magic      | 1 2 3 4 5 6 7 8 9 |  9.1
Earth Magic    | 1 2 3 4 5 6 7 8 9 |  9.1
Poison Magic   | 1 2 3 4 5 6 7 8 9 |  9.1
Dodging        | 5 6 7 8 9 10 11 | 11.8
Stealth        | 5 6 7 8 9 10 11 | 11.6
Ice Magic      | 8 9 10 11 | 11.5

Action                     |  1- 3 |  4- 6 |  7- 9 | 10-12 | 13-15 || total
---------------------------+-------+-------+-------+-------+-------++-------
  Melee: Unarmed           |    36 |     6 |       |       |       ||    42
         Bite              |     6 |       |     5 |    39 |    53 ||   103
         Rapier            |       |     2 |       |       |       ||     2
         Halberd           |       |    21 |    74 |   354 |   521 ||   970
  Throw: Dart              |       |       |       |     1 |       ||     1
   Cast: Freeze            |    49 |    31 |       |       |     8 ||    88
         Frozen Ramparts   |       |    10 |    20 |    46 |    98 ||   174
         Ozocubu's Armour  |       |     3 |    14 |    37 |    79 ||   133
         Summon Ice Beast  |       |       |     2 |     2 |    12 ||    16
         Stone Arrow       |       |       |       |    26 |   150 ||   176
         Freezing Cloud    |       |       |       |       |    78 ||    78
         Borgnjor's Vile C |       |       |       |       |    15 ||    15
  Evoke: Wand              |       |       |     4 |       |       ||     4
    Use: Scroll            |       |     1 |       |       |    10 ||    11
         Potion            |       |       |     2 |       |     1 ||     3
   Stab: Sleeping          |     1 |     2 |     5 |    13 |     5 ||    26
         Distracted        |       |     1 |     1 |     1 |     1 ||     4
 Armour: Robe              |    11 |     2 |    19 |    67 |   139 ||   238
  Dodge: Dodged            |    42 |    25 |    34 |   284 |   597 ||   982

Table legend: (Time is in decaauts)
 A = Elapsed time spent in this place.
 B = Non-inter-level travel time spent in this place.
 C = Inter-level travel time spent in this place.
 D = Time resting spent in this place.
 E = Time spent auto-exploring this place.
 F = Levels seen in this place.
 G = Mean time per level.
                   A        B        C        D        E       F      G
               +--------+--------+--------+--------+--------+-----+--------+
         Total |  24526 |  23334 |   1192 |    232 |  18636 |  26 |  943.3 |
       Dungeon |  15313 |  14502 |    811 |     24 |  11827 |  15 | 1020.9 |
        Temple |    256 |    187 |     69 |      0 |    175 |   1 |  256.0 |
          Lair |   5662 |   5440 |    222 |      0 |   4430 |   5 | 1132.4 |
  Orcish Mines |   2224 |   2136 |     88 |    133 |   1570 |   2 | 1112.0 |
        Bailey |    674 |    674 |      0 |     23 |    495 |   1 |  674.0 |
      Ice Cave |     12 |     12 |      0 |      0 |      0 |   1 |   12.0 |
      Gauntlet |    382 |    382 |      0 |     52 |    138 |   1 |  382.0 |
               +--------+--------+--------+--------+--------+-----+--------+

Top non-repeatable levels by time:
    D:14: 1593 daAuts
     D:3: 1579 daAuts
   Orc:2: 1530 daAuts
    D:12: 1399 daAuts
  Lair:5: 1345 daAuts
  Lair:2: 1190 daAuts
     D:7: 1179 daAuts
  Lair:4: 1129 daAuts
    D:13: 1128 daAuts
     D:1: 1102 daAuts
    D:10: 1087 daAuts
     D:6: 1083 daAuts
     D:2: 1063 daAuts
  Lair:1: 1020 daAuts
     D:8: 1003 daAuts
